 Dungeon Sprint DCSS version 0.13-a0-2531-g2ad9301 (webtiles) character file.

8347 Rycklaryybbe the Imperceptible (level 11, 0/39 HPs)
             Began as a Spriggan Assassin on July 26, 2013.
             Was a Follower of Ashenzari.
             Slain by a hog (11 damage)
             ... in the Dungeon (Sprint I: "Red Sonja").
             The game lasted 00:10:53 (909 turns).

Rycklaryybbe the Imperceptible (Spriggan Assassin)   Turns: 909, Time: 00:10:54

HP   0/39        AC  1     Str  3      XL: 11   Next:  4%
MP  18/18        EV 34     Int 11      God: Ashenzari [*.....]
Gold 353         SH  0     Dex 15      Spells:  0 memorised, 10 levels left

Res.Fire  : . . .   See Invis. : +   a - +2 dagger (curse) {=f}
Res.Cold  : . . .   Warding    : .   e - -1 robe (curse)
Life Prot.: . . .   Conserve   : .   (shield restricted)
Res.Poison: .       Res.Corr.  : .   s - +0 mask of the Dragon {MR+ Acc+3 Dam+3 SIn Res.Elec. : . Clarity : . d - +0 cloak
Sust.Abil.: . .     Spirit.Shd : .   (gloves unavailable)
Res.Mut.  : .       Prev.Telep.: +   (boots unavailable)
Res.Rott. : .       Flight     : .   (no amulet)
Saprovore : . . .                    (no ring)
                                     (no ring)

@: exhausted, slowed, quick, very resistant to hostile enchantments, incredibly
stealthy
A: unfitting armour, see invisible, berserk 1, breathe flames 1, deformed body,
deterioration 3, herbivore 3, speed 3, -30% hp, -10% mp, screaming 2, slow
healing 1, slow metabolism 2, Str -4, Int -3, Dex -5
a: Renounce Religion, Breathe Fire


You were in the Dungeon.
You worshipped Ashenzari.
Ashenzari was pleased with you.
You were hungry.

You visited 1 branch You collected 969 gold pieces.
You spent 666 gold pieces at shops.

Inventory:

Hand weapons
 a - a cursed +2,+2 dagger (weapon) {=f}
 b - a +0 blowgun
 n - a +0,+0 short sword of distortion
 p - a +0,+0 dagger (quivered)
Missiles
 f - 12 curare-tipped needles
 l - 5 poisoned needles
 q - 22 darts
Armour
 c - a +0 robe
 d - a +0 cloak (worn)
 e - a cursed -1 robe (worn)
 r - a +1 cap
 s - the +0 mask of the Dragon (worn) {MR+ Acc+3 Dam+3 SInv}
   (You bought it in a shop in the Dungeon)

   It affects your accuracy (+3).
   It affects your damage-dealing abilities (+3).
   It affects your resistance to hostile enchantments.
   It enhances your eyesight.
Magical devices
 o - a wand of confusion (10) {unknown}
 t - a wand of invisibility (2)
Scrolls
 m - a scroll of blinking
Potions
 g - a potion of porridge
 h - 3 potions of curing
 i - a potion of heal wounds
 j - a potion of speed
 k - 2 potions of magic
 u - a potion of might {unknown}


   Skills:
 - Level 7.3 Fighting
 - Level 9.5 Short Blades
 - Level 2.1 Throwing
 + Level 22.5 Dodging
 + Level 22.9 Stealth


You had 10 spell levels left.
You didn't know any spells.

Dungeon Overview and Level Annotations

Branches:
Dungeon (1/1)

Altars:
Ashenzari
Fedhas
Makhleb
Okawaru
Sif Muna
Vehumet
Yredelemnul
Zin

Shops:
D: [[/([*[


Innate Abilities, Weirdness & Mutations

You are tiny and cannot use many weapons and most armour.
You have supernaturally acute eyesight.
You are a herbivore.
You cover ground extremely quickly.
You need consume almost no food.
You tend to lose your temper in combat.
You can breathe flames.
You are clumsy (Dex -5).
Armour fits poorly on your strangely shaped body.
Your body is rapidly deteriorating.
You are dopey (Int -3).
You are extremely frail (-30% HP).
Your magical capacity is low (-10% MP).
You sometimes yell uncontrollably.
You heal slowly.
You are weak (Str -4).


Message History

You hit the hog.
The hog is moderately wounded.
The hog completely misses you.
You are feeling hungry.
You hit the hog but do no damage.
The hog is moderately wounded.
The hog completely misses you.
You barely miss the hog.
The hog is moderately wounded.
The hog barely misses you.
You hit the hog.
The hog is heavily wounded.
The hog barely misses you.
You barely miss the hog.
The hog is heavily wounded.
The hog misses you.
You hit the hog.
The hog is heavily wounded.
The hog bites you!
You die...

####################
'..)#.)#.§§§%%§§@h§+
#...##'#§####§§§§§##
#)..'§§#.# ##§§§##
#####.%§§# ###+# #
##'#### #.§§^.#
#.§.§.+ ###§..# ##
#.§§#


You could see a hog.

Vanquished Creatures
  A deep troll (D)
  A giant amoeba (D)
  A lindwurm (D)
  8 shining eyes (D)
  4 demonic crawlers (D)
  Sonja (D)
  A metal gargoyle (D)
  An elephant slug (D)
  12 hogs (D)
  2 kobold demonologists (D)
  An ogre (D)
  Sigmund (D)
  Ijyb (D)
  A jelly (D)
  5 giant eyeballs (D)
  A giant spore (D)
  2 ballistomycetes (D)
44 creatures vanquished.

Vanquished Creatures (others)
  A metal gargoyle (D)
  A giant spore (D)
2 creatures vanquished.

Grand Total: 46 creatures vanquished

Notes
Turn   | Place    | Note
--------------------------------------------------------------
     0 | D        | Rycklaryybbe, the Spriggan Assassin, began the quest for the Orb.
     0 | D        | Reached XP level 1. HP: 10/10 MP: 1/1
     6 | D        | Noticed Ijyb
     9 | D        | Killed Ijyb
     9 | D        | Reached skill level 9 in Stealth
     9 | D        | Reached XP level 2. HP: 14/14 MP: 3/3
    11 | D        | Noticed an ogre
    27 | D        | Killed an ogre
    27 | D        | Reached skill level 12 in Stealth
    27 | D        | Reached XP level 3. HP: 18/18 MP: 5/5
    27 | D        | Reached XP level 4. HP: 22/22 MP: 7/7
    84 | D        | Noticed Sigmund
   110 | D        | Killed Sigmund
   110 | D        | Reached skill level 13 in Stealth
   110 | D        | Reached XP level 5. HP: 25/25 MP: 9/9
   148 | D        | Found a burning altar of Makhleb.
   150 | D        | Found a basalt altar of Yredelemnul.
   180 | D        | Found a shattered altar of Ashenzari.
   180 | D        | Found an iron altar of Okawaru.
   180 | D        | Found Shecush's Antique Weapon Emporium.
   180 | D        | Found a radiant altar of Vehumet.
   180 | D        | Found a deep blue altar of Sif Muna.
   180 | D        | Noticed an elephant slug
   199 | D        | Killed an elephant slug
   199 | D        | Reached skill level 16 in Stealth
   199 | D        | Reached XP level 6. HP: 30/30 MP: 11/11
   210 | D        | Found a glowing silver altar of Zin.
   218 | D        | Became a worshipper of Ashenzari the Shackled
   258 | D        | Found a glowing silver altar of Zin.
   258 | D        | Found a basalt altar of Yredelemnul.
   258 | D        | Found a deep blue altar of Sif Muna.
   258 | D        | Found a blossoming altar of Fedhas.
   258 | D        | Noticed a giant amoeba
   261 | D        | Killed a giant amoeba
   261 | D        | Reached skill level 21 in Stealth
   261 | D        | Reached XP level 7. HP: 34/34 MP: 13/13
   281 | D        | Noticed Sonja
   285 | D        | Killed Sonja
   364 | D        | Reached XP level 8. HP: 38/38 MP: 15/15
   397 | D        | Noticed a deep troll
   401 | D        | Killed a deep troll
   417 | D        | Found Twafet's Armour Emporium.
   422 | D        | Bought a +1 cap for 117 gold pieces
   438 | D        | Found Khiab's Armour Boutique.
   447 | D        | Bought the +0 mask of the Dragon {MR+ Acc+3 Dam+3 SInv} for 483 gold pieces
   454 | D        | Noticed a shining eye
   454 | D        | Noticed a shining eye
   454 | D        | Noticed a shining eye
   454 | D        | Noticed a shining eye
   454 | D        | Noticed a shining eye
   454 | D        | Noticed a shining eye
   457 | D        | Noticed a shining eye
   459 | D        | Killed a shining eye
   459 | D        | Reached XP level 9. HP: 42/42 MP: 17/17
   461 | D        | Noticed a shining eye
   463 | D        | Gained mutation: You are weak (Str -1). [a shining eye]
   463 | D        | Gained mutation: You are frail (-10% HP). [a shining eye]
   464 | D        | Gained mutation: Your body is slowly deteriorating. [a shining eye]
   465 | D        | Gained mutation: Armour fits poorly on your strangely shaped body. [a shining eye]
   465 | D        | Paralysed by a giant eyeball for 2 turns
   467 | D        | Gained mutation: Your body is deteriorating. [a shining eye]
   470 | D        | Gained mutation: You tend to lose your temper in combat. [a shining eye]
   470 | D        | Gained mutation: You are weak (Str -2). [a shining eye]
   512 | D        | Noticed a kobold demonologist
   513 | D        | Noticed a kobold demonologist
   515 | D        | Killed a kobold demonologist
   518 | D        | Killed a kobold demonologist
   524 | D        | Noticed a demonic crawler
   524 | D        | Noticed a demonic crawler
   524 | D        | Noticed a demonic crawler
   524 | D        | Noticed a demonic crawler
   526 | D        | Killed a demonic crawler
   527 | D        | Killed a demonic crawler
   529 | D        | Killed a demonic crawler
   530 | D        | Killed a demonic crawler
   555 | D        | Killed a metal gargoyle
   562 | D        | Gained mutation: You are very frail (-20% HP). [a shining eye]
   565 | D        | Gained mutation: You are clumsy (Dex -1). [a shining eye]
   586 | D        | Killed a shining eye
   588 | D        | Gained mutation: You are clumsy (Dex -2). [a shining eye]
   590 | D        | Gained mutation: You are dopey (Int -1). [a shining eye]
   603 | D        | Gained mutation: You are weak (Str -3). [a shining eye]
   609 | D        | Killed a shining eye
   609 | D        | Reached skill level 5 in Short Blades
   609 | D        | Reached XP level 10. HP: 37/39 MP: 18/18
   617 | D        | Gained mutation: You are extremely frail (-30% HP). [a shining eye]
   624 | D        | Gained mutation: You heal slowly. [a shining eye]
   629 | D        | Killed a shining eye
   629 | D        | Reached skill level 5 in Fighting
   641 | D        | Killed a shining eye
   647 | D        | Gained mutation: You occasionally shout uncontrollably. [a shining eye]
   649 | D        | Killed a shining eye
   652 | D        | Gained mutation: You can breathe flames. [a shining eye]
   653 | D        | Paralysed by a giant eyeball for 2 turns
   655 | D        | Gained mutation: You are dopey (Int -2). [a shining eye]
   656 | D        | Gained mutation: Your body is rapidly deteriorating. [a shining eye]
   660 | D        | Gained mutation: Your magical capacity is low (-10% MP). [a shining eye]
   664 | D        | Gained mutation: You sometimes yell uncontrollably. [a shining eye]
   665 | D        | Killed a shining eye
   668 | D        | Gained mutation: You are clumsy (Dex -3). [a shining eye]
   669 | D        | Gained mutation: You are clumsy (Dex -4). [a shining eye]
   672 | D        | Gained mutation: You are weak (Str -4). [a shining eye]
   674 | D        | Gained mutation: You are dopey (Int -3). [a shining eye]
   689 | D        | Gained mutation: You are clumsy (Dex -5). [a shining eye]
   691 | D        | Killed a shining eye
   706 | D        | Found Yseskus' Armour Shoppe.
   706 | D        | Found Zeitias' Armour Shop.
   706 | D        | Found Geyqayza's Magical Wand Emporium.
   706 | D        | Found Araas' General Store.
   719 | D        | Bought a wand of invisibility (2) for 66 gold pieces
   744 | D        | Noticed a centaur warrior
   744 | D        | Noticed a centaur warrior
   765 | D        | Noticed a metal gargoyle
   769 | D        | Killed a metal gargoyle
   779 | D        | Noticed a lindwurm
   781 | D        | Killed a lindwurm
   813 | D        | Noticed a hog
   813 | D        | Noticed a hog
   813 | D        | Noticed a hog
   813 | D        | Noticed a hog
   813 | D        | Noticed a hog
   813 | D        | Noticed a hog
   813 | D        | Noticed a hog
   813 | D        | Noticed a hog
   813 | D        | Noticed a hog
   815 | D        | Noticed a hog
   815 | D        | Noticed a hog
   815 | D        | Noticed a hog
   815 | D        | Killed a hog
   816 | D        | Noticed a hog
   816 | D        | Killed a hog
   816 | D        | Reached skill level 22 in Stealth
   818 | D        | Killed a hog
   819 | D        | Killed a hog
   830 | D        | Killed a hog
   843 | D        | Killed a hog
   846 | D        | Killed a hog
   854 | D        | Killed a hog
   858 | D        | Killed a hog
   862 | D        | Killed a hog
   862 | D        | Reached XP level 11. HP: 31/39 MP: 18/18
   887 | D        | Killed a hog
   891 | D        | Killed a hog
   909 | D        | Slain by a hog

Action                   |  1- 3 |  4- 6 |  7- 9 | 10-12 || total
-------------------------+-------+-------+-------+-------++-------
Melee: Dagger            |     2 |     3 |    83 |   149 ||   237
 Fire: Blowgun           |     5 |    15 |       |       ||    20
Throw: Dagger            |       |       |     1 |       ||     1
  Use: Potion            |     1 |       |     1 |       ||     2
       Scroll            |       |     2 |       |       ||     2
 Stab: Sleeping          |     1 |     3 |    12 |     6 ||    22
